 Dungeon Crawl Stone Soup version 0.30.1-3-gfc49f6343a (webtiles) character file.

Game seed: 792687809852159914

9326 Wiggles the Severer (level 11, -9/84 HPs)
             Began as a Minotaur Berserker on July 21, 2023.
             Was an Elder of Trog.
             Mangled by a troll (12 damage)
             ... on level 10 of the Dungeon.
             The game lasted 00:18:20 (8297 turns).

Wiggles the Severer (Minotaur Berserker)            Turns: 8297, Time: 00:18:21

Health: -9/84      AC: 21    Str: 26    XL:     11   Next: 21%
Magic:  10/10      EV:  7    Int: 10    God:    Trog [****..]
Gold:   511        SH:  0    Dex:  6    Spells: 10/10 levels left

rFire   + . .        a - +5 executioner's axe (protect)
rCold   + . .        (shield currently unavailable)
rNeg    . . .        n - +2 plate armour
rPois   +            (helmet restricted)
rElec   +            s - +0 cloak
rCorr   +            F - +2 pair of gloves
SInv    .            (no boots)
Will    +....        (no amulet) Stlth
                     A - +4 ring of protection
HPRegen 0.34/turn    e - ring of Adiusoho {Fly rPois Will+ Int+6 Dex-4 Slay+5}
MPRegen 0.12/turn

%: no passive effects
@: resistant, weakened, on berserk cooldown, flying
A: horns 2, retaliatory headbutt
a: Renounce Religion, Berserk, Trog's Hand, Brothers in Arms


You were on level 10 of the Dungeon.
You worshipped Trog.
Trog was greatly pleased with you.
You visited 1 branch of the dungeon, and saw 10 of its levels.
You also visited: Ossuary and Bailey.

You collected 511 gold pieces.

Inventory:

Hand Weapons
 a - a +5 executioner's axe of protection (weapon)
Missiles
 d - 6 throwing nets
 g - a javelin (quivered)
Armour
 n - a +2 plate armour (worn)
 s - a +0 cloak (worn)
 F - a +2 pair of gloves (worn)
Jewellery
 e - the ring of Adiusoho (right hand) {Fly rPois Will+ Int+6 Dex-4 Slay+5}
   (You acquired it on level 8 of the Dungeon)

   [ring of intelligence]

   Int:       It affects your intelligence (+6).
   Dex:       It affects your dexterity (-4).
   Slay:      It affects your accuracy & damage with ranged weapons and melee
   (+5).
   rPois:     It protects you from poison.
   Fly:       It grants you flight.
   Will:      It increases your willpower.
 p - a ring of protection from cold
 q - a ring of magical power
 z - a ring of resist corrosion
 A - a +4 ring of protection (left hand)
Wands
 r - a wand of polymorph (12)
 u - a wand of digging (8)
 v - a wand of mindburst (10)
 C - a wand of roots (15)
Scrolls
 f - 5 scrolls of teleportation
 h - 2 scrolls of magic mapping
 D - a scroll of fog
Potions
 b - 4 potions of curing
 i - a potion of lignification {unknown}
 k - a potion of ambrosia {unknown}
 l - 5 potions of mutation
 m - 3 potions of might
 t - a potion of degeneration {unknown}
 w - 4 potions of haste
 x - a potion of berserk rage {unknown}
 B - 2 potions of magic
 E - a potion of resistance
 H - 2 potions of flight


   Skills:
 - Level 4.1 Fighting
 + Level 19.9 Axes
 + Level 1.6 Throwing
 - Level 2.6 Armour
 - Level 2.4 Dodging
 + Level 2.3 Shields


You had 10 spell levels left.
You didn't know any spells.
Your spell library was empty.

Dungeon Overview and Level Annotations

Branches:
Dungeon (10/15)            Temple (0/1) D:6            Lair (0/5) D:9
Ossuary (visited)          Bailey (visited)
    Orc: D:9-12

Altars:
Qazlal

Shops:
D:7 !

Annotations:
D:6 3 runed translucent doors, cheesebisquit's ghost, novice TrFi


Innate Abilities, Weirdness & Mutations

You have a pair of horns on your head.
You reflexively headbutt those who attack you in melee.


Message History

* * * LOW HITPOINT WARNING * * *
The troll closely misses you. The troll barely misses you.
The gnoll bouda hits you but does no damage.
As you read the scroll of fog, it crumbles to dust.
The scroll dissolves into smoke.
The gnoll completely misses you. The gnoll closely misses you.
The troll bites you but does no damage. The troll claws you.
* * * LOW HITPOINT WARNING * * *
The troll barely misses you. The gnoll bouda barely misses you.
The gnoll hits you but does no damage. The troll attacks as you move away!
The troll bites you but does no damage.
The troll claws you but does no damage. x2
The gnoll bouda barks out a call to the hunt!
The troll closely misses you. The troll claws you.
* * * LOW HITPOINT WARNING * * *
The troll closely misses you.
The gnoll bouda gazes fiercely through you!
You feel your attacks grow feeble.
The gnoll bouda gazes fiercely through you!
You feel as though you will be weak longer.
The gnoll bouda barely misses you. The gnoll hits you but does no damage.
The troll bites you but does no damage. The troll claws you.
* * * LOW HITPOINT WARNING * * *
The troll claws you but does no damage.
The gnoll hits you from afar with a +0 halberd.
* * * LOW HITPOINT WARNING * * *
The gnoll bouda hits you but does no damage.
You barely miss the troll.
The troll is lightly wounded.
You closely miss the gnoll bouda.
You feel yourself speed up. The gnoll barely misses you.
The gnoll bouda hits you but does no damage.
The troll bites you.
* * * LOW HITPOINT WARNING * * *
The troll claws you but does no damage. The troll barely misses you.
The gnoll barely misses you.
The gnoll bouda hits you but does no damage.
The troll bites you!
You die...

...............##........
.........)$............. .
...............)).......
.. ##.........##))))......
#..#........§.##g)))......
...........§§§§§Y)).......
..........##§gY§gY†.......
#....).<..##TgY##Y.......#
....##....##@§§##.........
..# #....##§§§............
..>##...§§§.....##.....
.... ..#.........# .....
.........#.......... ..
.#.................. #...#
...##....... ...# ..###..


You could see 2 yaks, a troll, a gnoll bouda and a gnoll (swift).

Vanquished Creatures
  An orc warlord (Bailey)
  A manticore (D:9)
  A troll (D:8)
  Sigmund (D:5)
  A shadow (D:8)
  21 yaks
  A steam dragon (D:6)
  4 orc warriors
  2 sky beasts (D:7)
  2 ice beasts (D:7)
  A black bear (D:4)
  2 ogres
  5 centaurs
  3 phantoms
  A kobold brigand (D:8)
  A gnoll sergeant (D:7)
  5 bullfrogs
  2 scorpions
  4 wights (D:6)
  9 killer bees (D:8)
  4 centaur zombies (Ossuary)
  A hound (D:5)
  5 orc priests
  6 orc wizards
  4 sleepcaps
  6 mummies
  16 gnolls
  6 adders
  A white imp (D:7)
  An ufetubus (D:6)
  A worm (D:2)
  A dart slug (D:5)
  34 orcs
  6 endoplasms
  3 giant cockroaches
  15 goblins
  9 hobgoblins
  7 jackals
  6 quokkas
  8 ball pythons
  4 bats
  2 frilled lizards (D:1)
  3 hobgoblin zombies (Ossuary)
  21 kobolds
  8 rats
246 creatures vanquished.

Vanquished Creatures (collateral kills)
  2 yaks (D:10)
  A human (D:10)
  A warg (D:10)
  An orc warrior (D:10)
  2 gnolls
  2 orcs (D:10)
9 creatures vanquished.

Grand Total: 255 creatures vanquished

Notes
Turn   | Place    | Note
-------+----------+-------------------------------------------
     0 | D:1      | Wiggles the Minotaur Berserker began the quest for the Orb.
     0 | D:1      | Reached XP level 1. HP: 19/19 MP: 0/0
    71 | D:1      | You fall into a shaft and drop 1 floor!
   143 | D:1      | Reached skill level 4 in Axes
   143 | D:1      | Reached XP level 2. HP: 25/27 MP: 1/1
   389 | D:1      | Reached ** piety under Trog
   514 | D:1      | Reached XP level 3. HP: 33/33 MP: 2/2
   873 | D:2      | Noticed an ogre
   879 | D:2      | Killed an ogre
   880 | D:2      | Reached skill level 6 in Axes
   880 | D:2      | Reached XP level 4. HP: 40/40 MP: 3/3
   880 | D:2      | Reached XP level 5. HP: 46/46 MP: 4/4
  1588 | D:3      | Reached skill level 7 in Axes
  1623 | D:3      | Reached XP level 6. HP: 52/52 MP: 5/5
  1901 | D:3      | Reached *** piety under Trog
  2166 | D:3      | Reached skill level 8 in Axes
  2707 | D:4      | Reached skill level 9 in Axes
  2707 | D:4      | Reached skill level 1 in Throwing
  2707 | D:4      | Reached XP level 7. HP: 53/59 MP: 6/6
  3388 | D:5      | Entered Level 5 of the Dungeon
  3540 | D:5      | Noticed Sigmund
  3549 | D:5      | Killed Sigmund
  3550 | D:5      | Reached skill level 10 in Axes
  3624 | D:5      | Found a sand-covered staircase.
  3638 | Ossuary  | Entered an ossuary
  3726 | Ossuary  | Reached skill level 11 in Axes
  3732 | Ossuary  | Reached XP level 8. HP: 64/66 MP: 7/7
  3748 | Ossuary  | Reached **** piety under Trog
  4018 | D:5      | Reached skill level 12 in Axes
  4235 | D:6      | Found a stormy altar of Qazlal.
  4649 | D:6      | Reached skill level 1 in Shields
  4653 | D:6      | Reached skill level 13 in Axes
  4740 | D:6      | Found a runed translucent gate.
  4740 | D:6      | Noticed cheesebisquit's ghost (novice TrFi)
  4741 | D:6      | Found a runed translucent gate.
  4741 | D:6      | Identified the +5 plate armour of Discretion {+Blink rPois}
  4742 | D:6      | Found a runed translucent gate.
  5160 | D:6      | Found a staircase to the Ecumenical Temple.
  5416 | D:6      | Identified a scroll of acquirement
  5416 | D:6      | Acquired a +3 executioner's axe of venom
  5533 | D:7      | Reached XP level 9. HP: 71/71 MP: 8/8
  5590 | D:7      | Reached skill level 14 in Axes
  5689 | D:7      | Found Teragroreol's Distillery.
  6151 | D:7      | Found a flagged portal.
  6164 | Bailey   | Entered a bailey
  6169 | Bailey   | Noticed an orc warlord
  6215 | Bailey   | Reached skill level 15 in Axes
  6233 | Bailey   | Found a runed translucent gate.
  6250 | Bailey   | Found a runed translucent gate.
  6252 | Bailey   | Found a runed translucent gate.
  6260 | Bailey   | Reached ***** piety under Trog
  6516 | Bailey   | Killed an orc warlord
  6517 | Bailey   | Reached skill level 16 in Axes
  6637 | D:8      | Reached XP level 10. HP: 58/78 MP: 9/9
  6782 | D:8      | Reached skill level 17 in Axes
  7230 | D:8      | Reached skill level 18 in Axes
  7612 | D:8      | Acquired the ring of Adiusoho {Fly rPois Will+ Int+6 Dex-4
                  | Slay+5}
  7737 | D:9      | Found a staircase to the Lair.
  7751 | D:9      | Received a gift from Trog
  7795 | D:9      | Noticed a manticore
  7801 | D:9      | Reached skill level 19 in Axes
  7803 | D:9      | Killed a manticore
  7880 | D:9      | Reached XP level 11. HP: 83/84 MP: 10/10
  8254 | D:10     | Entered Level 10 of the Dungeon
  8295 | D:10     | HP: 4/84 [gnoll/+0 halberd[a gnoll bouda] (1)]
  8297 | D:10     | Mangled by a troll

Illustrated notes

Levels and vault maps discovered:
D:1:      dpeg_arrival_boxes_within_box, layout_rooms, grunt_decor_one_mirror,
          st_stairs_3, minmay_3d_cube
D:2:      layout_basic
D:3:      layout_loops_ring, kennysheep_another_room, minmay_fountain_box
D:4:      wad_woods_settlement, layout_basic
D:5:      layout_gridville, gup_ossuary_entry_pyramid, uniq_sigmund
D:6:      hellmonk_ruined_rings, layout_loops_corners, lemuel_tele_altar,
          minmay_temple_entry_antechambers, biasface_ghost_orc_armoury
D:7:      minmay_evil_eye, layout_basic, enter_bailey_3, serial_shops, shop
D:8:      layout_cave_pools, amcnicky_mini_corridor_feature
D:9:      layout_basic, lair_entry_dummy, dreamdust_wishing_well,
          kennysheep_generic_room_11
D:10:     layout_cave_pools, erik_orc_4, serial_shops, shop,
          kennysheep_generic_room_15

Skill      XL: |  1  2  3  4  5  6  7  8  9 10 |
---------------+-------------------------------+-----
Axes           | 4 6 7 9 11 13 16 19 | 19.9
Fighting       | 4 |  4.1
Throwing       | 1 |  1.6
Shields        | 1 2 |  2.3
Armour         | |  2.6
Dodging        | |  2.4

Action                     |  1- 3 |  4- 6 |  7- 9 | 10-12 || total
---------------------------+-------+-------+-------+-------++-------
  Melee: Hand axe          |    90 |   111 |   177 |       ||   378
         Headbutt          |     8 |    29 |    64 |    22 ||   123
         War axe           |       |       |    49 |       ||    49
         Executioner's axe |       |       |    82 |   118 ||   200
  Throw: Javelin           |       |     4 |       |       ||     4
         Throwing net      |       |     2 |       |       ||     2
 Invoke: Berserk           |     1 |     1 |     4 |     1 ||     7
         Brothers in Arms  |       |       |     1 |     1 ||     2
    Use: Scroll            |       |       |    25 |     3 ||    28
         Potion            |       |       |       |     3 ||     3
 Armour: Animal skin       |     2 |       |       |       ||     2
         Leather armour    |     7 |       |       |       ||     7
         Ring mail         |    13 |     2 |       |       ||    15
         Plate armour      |       |    56 |   182 |   192 ||   430
  Dodge: Dodged            |    50 |    37 |   106 |   100 ||   293
  Block: Buckler           |       |       |    16 |       ||    16
